 Dungeon Crawl Stone Soup version 0.17-a0-484-g0e03f6a (webtiles) character file.

214 Ololoev the Conjurer (level 5, 0/42 HPs)
             Began as a Demigod Wanderer on Apr 10, 2015.
             Slain by an orc wizard
             ... wielding a +0 dagger
              (4 damage)
             ... on level 3 of the Dungeon.
             The game lasted 00:11:23 (3737 turns).

Ololoev the Conjurer (Demigod Wanderer)             Turns: 3737, Time: 00:11:23

Health: 0/42       AC:  2    Str: 17    XL:     5   Next: 33%
Magic:  4/12       EV: 11    Int: 20    God:
Gold:   114        SH:  0    Dex: 16    Spells: 3 memorised, 3 levels left

rFire  . . .     SeeInvis .     c - +1 spear
rCold  . . .     Clarity  .     d - +0 robe
rNeg   . . .     SustAb   +     (no shield)
rPois  .         Gourm    .     (no helmet)
rElec  .         Spirit   .     (no cloak)
rCorr  .         Warding  .     (no gloves)
rMut   .         Stasis   .     (no boots)
MR     .....                    (no amulet)
Stlth  +.........               (no ring)
                                (no ring)

@: brilliant, not resistant to hostile enchantments, very unstealthy
A: high mp 1, sustain abilities
a: no special abilities


Innate Abilities, Weirdness & Mutations

You have an increased reservoir of magic (+10% MP).
Your attributes are resistant to harm.

Inventory:

Hand weapons
 c - a +1 spear (weapon)
Armour
 d - a +0 robe (worn)
Magical devices
 m - a wand of frost (20)
Scrolls
 h - 2 scrolls of fear
 j - a scroll of enchant weapon
 l - 2 scrolls of remove curse
Potions
 e - a potion of resistance
 i - a potion of ambrosia {unknown}
 k - 2 potions of magic
Books
 a - a book of Minor Magic

   Spells                             Type                      Level
   a - Magic Dart                     Conjuration                  1
   b - Blink                          Translocation                2
   c - Call Imp                       Summoning                    2
   d - Repel Missiles                 Charms/Air                   2
   e - Slow                           Hexes                        2
   f - Conjure Flame                  Conjuration/Fire             3
   g - Mephitic Cloud                 Conjuration/Poison/Air       3
Comestibles
 f - a bread ration
 n - a meat ration
 o - a beef jerky


   Skills:
 - Level 2.6 Fighting
 + Level 1.9 Polearms
 - Level 1.0 Throwing
 + Level 2.8 Spellcasting
 * Level 3.1 Conjurations
 - Level 1.0 Summonings
 * Level 1.5 Air Magic
   Level 1.7 Earth Magic
 - Level 1.0 Evocations


You had 3 spell levels left.
You knew the following spells:

 Your Spells              Type           Power        Failure   Level  Hunger
a - Magic Dart            Conj           ####         1%          1    None
b - Call Imp              Summ           ###.....     2%          2    ##.....
c - Mephitic Cloud        Conj/Pois/Air  ###.....     3%          3    ###....


You were on level 3 of the Dungeon.
You were not hungry.

You visited 1 branch of the dungeon, and saw 3 of its levels.

You collected 114 gold pieces.

,s..s..o'......).#
,o......####...#.#
,,.....** ##.##.#
*,....** ####.#
**...** #.# *#+#*
#.# #.# #o# #.#
#.# ##(########
#@# ##.........#
#o# #.....####.#
#.#
##...#####.#####.#
.................#
###.######.#######
#.# #.# #.######.#
#........#

Notes
Turn   | Place    | Note
--------------------------------------------------------------
     0 | D:1      | Ololoev, the Demigod Wanderer, began the quest for the Orb.
     0 | D:1      | Ololoev set off with: a book of Minor Magic, the Papyrus of Changing, a +0 spear, a +0 robe, a bread ration
     0 | D:1      | Reached XP level 1. HP: 18/18 MP: 5/5
     0 | D:1      | Identified the Papyrus of Changing
     5 | D:1      | Learned a level 1 spell: Magic Dart
   450 | D:1      | Reached skill level 1 in Conjurations
   451 | D:1      | Reached XP level 2. HP: 22/25 MP: 7/7
   942 | D:1      | Reached skill level 1 in Polearms
   950 | D:1      | Learned a level 2 spell: Call Imp
  1043 | D:2      | Noticed Jessica
  1048 | D:2      | Killed Jessica
  1048 | D:2      | Reached XP level 3. HP: 18/30 MP: 8/8
  1330 | D:2      | Noticed Natasha
  1353 | D:2      | Killed Natasha
  1695 | D:2      | Reached XP level 4. HP: 27/37 MP: 5/10
  1806 | D:2      | Learned a level 3 spell: Mephitic Cloud
  2174 | D:2      | Noticed Natasha
  2178 | D:2      | Killed Natasha
  2264 | D:2      | Noticed Terence
  2313 | D:2      | Killed Terence
  2313 | D:2      | Reached skill level 1 in Air Magic
  3021 | D:2      | Reached XP level 5. HP: 42/42 MP: 11/11
  3036 | D:2      | Noticed Natasha
  3043 | D:2      | Killed Natasha
  3684 | D:3      | Reached skill level 3 in Conjurations
  3737 | D:3      | Slain by an orc wizard

Dungeon Overview and Level Annotations

Branches:
Dungeon (3/15)


Message History

You closely miss something. Something hits you.
The orc wizard is engulfed in noxious fumes.
The orc wizard appears confused.
Something hits you.
You miss something. Something hits you.
The orc wizard is engulfed in noxious fumes.
The orc hits the orc wizard.
You hit something. Something hits you.
You hit the orc wizard.
The orc wizard is almost dead.
Something hits you but does no damage.
The orc wizard hits the orc but does no damage.
Something hits you.
You hit the orc wizard.
You kill the orc wizard!
Something hits you but does no damage. Something hits you but does no damage.
You hear some strange, mumbled words.
A puff of frost appears from out of thin air!
The puff of frost hits you!
You catch the helpless orc wizard completely off-guard!
You hit the orc wizard.
The orc wizard is moderately wounded.
Something hits you but does no damage.
You catch the helpless orc wizard completely off-guard!
You hit the orc wizard.
The orc wizard is heavily wounded.
Something hits you. Something hits you but does no damage.
You hit the orc wizard but do no damage.
The orc wizard is heavily wounded.
You hear some strange, mumbled words.
A puff of flame appears from out of thin air!
The puff of flame hits you!
The orc wizard hits you with a vampiric dagger.
The orc wizard draws strength from your injuries!
Something hits you but does no damage.
Drink which item? (? for menu, Esc to quit)
It was a potion of brilliance.
You feel clever all of a sudden. Something hits you.
You die...

You could see an orc wizard (confused) and an orc.

Vanquished Creatures
  An orc wizard (D:3)
  Jessica (D:2)
  Terence (D:2)
  4 adders
  3 worms (D:2)
  5 giant geckos
  An ooze (D:2)
  An orc (D:3)
  Natasha (D:2)
  4 bats
  8 giant cockroaches
  4 hobgoblins
  5 kobolds
  A quokka (D:3)
  3 ball pythons (D:2)
  5 goblins
  6 rats
54 creatures vanquished.

Vanquished Creatures (collateral kills)
  Natasha (twice) (D:2)
  3 adders (D:2)
  A hobgoblin (D:2)
6 creatures vanquished.

Grand Total: 60 creatures vanquished

Action                   |  1- 3 |  4- 6 || total
-------------------------+-------+-------++-------
Melee: Spear             |   121 |   153 ||   274
 Cast: Magic Dart        |     1 |       ||     1
       Call Imp          |     3 |     7 ||    10
       Mephitic Cloud    |       |     5 ||     5
  Use: Scroll            |       |     9 ||     9
       Potion            |       |     1 ||     1
 Stab: Sleeping          |     3 |     3 ||     6
       Distracted        |     1 |     1 ||     2
       Confused          |       |     4 ||     4
  Eat: Chunk             |     3 |     3 ||     6
       Bread ration      |       |     1 ||     1

Vault maps used:
D:1:      saegor_arrival_under_anarchy, minmay_misc_feat_iff
D:2:      first_bread, minivault_23, uniq_jessica, uniq_terence, uniq_natasha
D:3:      nicolae_overflow_hidden_temple, minmay_door_square, minmay_bad_closet
